 Dungeon Crawl Stone Soup version 0.19-a0-994-g3c636f0 (webtiles) character file.

32 Arkorax the Ducker (level 3, 0/19 HPs)
             Began as a Spriggan Monk on July 15, 2016.
             Was a Believer of Ashenzari.
             Shot with an arrow by a centaur (4 damage)
             ... on level 9 of the Dungeon.
             The game lasted 00:03:08 (892 turns).

Arkorax the Ducker (Spriggan Monk)                   Turns: 892, Time: 00:03:09

Health: 0/19       AC:  2    Str:  7    XL:     3   Next: 10%
Magic:  4/4        EV: 21    Int: 11    God:    Ashenzari [**....]
Gold:   17         SH:  0    Dex: 19    Spells: 0 memorised, 2 levels left

rFire  . . .     SeeInvis +     a - +0 short sword
rCold  . . .     Gourm    .     b - +0 robe
rNeg   . . .     Faith    .     (shield restricted)
rPois  .         Spirit   .     (helmet restricted)
rElec  .         Dismiss  .     (no cloak)
rCorr  .         Reflect  .     (gloves unavailable)
SustAt .         Harm     .     (boots unavailable)
MR     .....                    (no amulet)
Stlth  +++.......               (no ring)
                                (no ring)

@: very quick, not resistant to hostile enchantments, fairly stealthy
A: unfitting armour, see invisible, herbivore 3, speed 3, slow metabolism 2
a: Curse Item, Scrying, Renounce Religion


You were on level 9 of the Dungeon.
You worshipped Ashenzari.
Ashenzari was pleased with you.
You were not hungry.

You visited 1 branch of the dungeon, and saw 9 of its levels.

You collected 17 gold pieces.

Inventory:

Hand Weapons
 a - a +0 short sword (weapon)
Armour
 b - a +0 robe (worn)
Comestibles
 c - 2 bread rations


   Skills:
 + Level 2.9 Fighting
 + Level 3.6 Short Blades
 + Level 5.1 Dodging
 + Level 3.0 Stealth


You had 2 spell levels left.
You didn't know any spells.

Dungeon Overview and Level Annotations

Branches:
Dungeon (9/15)               Lair (0/6) D:9
 Temple: D:4-7          Orc: D:9-12

Altars:
Ashenzari
Okawaru
Pakellas
Vehumet


Innate Abilities, Weirdness & Mutations

You are tiny and cannot use many weapons and most armour.
You have supernaturally acute eyesight. (SInv)
You are a herbivore.
You cover ground extremely quickly.
You need consume almost no food.


Message History

Found a fizzy golden potion.
A howler monkey comes into view.
There is an escape hatch in the floor here.
You slide downwards.
The hatch slams shut behind you.
You open the door.
A giant frog skeleton comes into view.
There is an open door here.
You close the door.
As you open the door, it creaks loudly!
There is an open door here.
You open the door.
There is an open door here.
Found a scroll labeled HOYMOIR CEPI.
A centaur comes into view.
The centaur wields a shortbow.
The centaur shoots an arrow.
The arrow hits you!
Ouch! That really hurt!
* * * LOW HITPOINT WARNING * * *
You see here an arrow.
The centaur shoots an arrow.
The arrow hits you.
You die...

##+####### * *
#.........# ####+####
#.........#
#.......######.........>
#.......'....#.........#
*
+.......####.#.........#
* #.......#
#.'.........# ,
#.......# ###.(.....?c#
###+##### #..@......#
#{# #.........# , #.#
###+####### , #Z# , ,
#.# * #.# * , #.#* * , *
... ,* * * ,


You could see a centaur.

Vanquished Creatures
  An orc priest (D:6)
  A bat (D:2)
  A giant cockroach (D:3)
  A kobold (D:2)
4 creatures vanquished.

Notes
Turn   | Place    | Note
-------+----------+-------------------------------------------
     0 | D:1      | Arkorax the Spriggan Monk began the quest for the Orb.
     0 | D:1      | Reached XP level 1. HP: 11/11 MP: 2/2
    11 | D:1      | kill me pls
    22 | D:1      | life is agony
   186 | D:3      | Found a shattered altar of Ashenzari.
   193 | D:3      | Became a worshipper of Ashenzari the Shackled
   193 | D:3      | Reached * piety under Ashenzari
   193 | D:3      | Reached ** piety under Ashenzari
   315 | D:5      | Entered Level 5 of the Dungeon
   329 | D:6      | Noticed an ogre
   350 | D:6      | Noticed a crimson imp
   351 | D:6      | Noticed an orc priest
   377 | D:6      | Found an oddly glowing altar of Pakellas.
   377 | D:6      | Found an iron altar of Okawaru.
   415 | D:6      | Killed an orc priest
   415 | D:6      | Reached skill level 5 in Dodging
   415 | D:6      | Reached XP level 2. HP: 4/16 MP: 3/3
   415 | D:6      | Reached XP level 3. HP: 5/19 MP: 4/4
   756 | D:6      | Noticed an ice beast
   778 | D:7      | Noticed a scorpion
   785 | D:7      | Noticed a giant frog
   815 | D:8      | Noticed a human
   826 | D:8      | Noticed an ogre
   826 | D:8      | Noticed a phantom
   842 | D:8      | Found a radiant altar of Vehumet.
   891 | D:9      | Noticed a centaur
   892 | D:9      | Found a staircase to the Lair.
   892 | D:9      | Shot with an arrow by a centaur

Vault maps used:
D:1:      dpeg_arrival_castle
D:2:      good_gods_mini_temple, lemuel_crystal_altar, minmay_hedge_maze
D:3:      grunt_decor_fettered, nicolae_ashenzari_panopticon
D:4:      minmay_goblin_kobold_castle, lemuel_coloured_pillars_altar,
          nicolae_gozag_seed_capital, lemuel_crystal_altar, first_bread,
          serial_shops, shop_statue, nicolae_shop_behind_doors,
          lemuel_blue_sif_altar
D:5:      nicolae_ru_awakened_eye, minmay_misc_feat_columns,
          minmay_misc_feat_rugged
D:6:      gammafunk_temple_overflow_elements
D:7:      nicolae_overflow_crystal_walls, serial_shops, shop, kennysheep_mini,
          nicolae_shop_crystal, nicolae_shop_crystal, shop_fountains
D:8:      vehumet_crystals, grunt_pizzeria
D:9:      eat_drink_and_be_merry_uskayaw, lair_0_dummy, david_orc_5, uniq_erica,
          uniq_joseph, uniq_grum

Skill      XL: |  1 |
---------------+----+-----
Dodging        | 5 |  5.1
Fighting       | |  2.9
Short Blades   | |  3.6
Stealth        | |  3.0

Action                   || total
-------------------------++-------
Melee: Short sword       ||    20
  Use: Potion            ||     1
Armor: Robe              ||     2
Dodge: Dodged            ||    23
